 Dungeon Crawl Stone Soup version 0.31-a0-152-g6aa68a64a1 (webtiles) character file.

Game seed: 14227745936792802296

77 qw the Shooter (level 4, -5/40 HPs)
             Began as a Naga Hunter on June 10, 2023.
             Slain by Sigmund
             ... wielding a +0 scythe
              (12 damage)
             ... on level 2 of the Dungeon.
             The game lasted 00:00:26 (1665 turns).

qw the Shooter (Naga Hunter)                        Turns: 1665, Time: 00:00:26

Health: -5/40      AC:  2    Str: 13    XL:     4   Next: 34%
Magic:  4/4        EV:  9    Int:  9    God:
Gold:   110        SH:  0    Dex: 17    Spells: 3/3 levels left

rFire   . . .        Y - +0 shortbow
rCold   . . .        (shield currently unavailable)
rNeg    . . .        c - +0 leather armour
rPois   +            (no helmet)
rElec   .            (no cloak)
rCorr   .            (no gloves)
SInv    +            (no barding)
Will    .....        (no amulet)
Stlth   ++           (no ring)
HPRegen 0.26/turn    (no ring)
MPRegen 0.09/turn

%: no passive effects
@: short of breath, very slow
A: AC +1, large, see invisible, deformed body, poison resistance, slowness 2,
spit poison 1, naga tail 1
a: Spit Poison


You were on level 2 of the Dungeon.
You visited 1 branch of the dungeon, and saw 2 of its levels.

You collected 110 gold pieces.


Innate Abilities, Weirdness & Mutations

Your serpentine skin is tough. (AC +1)
You have supernaturally acute eyesight. (SInv)
Armour fits poorly on your strangely shaped body.
Your system is resistant to poisons. (rPois)
You cover ground very slowly.
You can spit poison.
You have a snake-like lower body.


   Skills:
 + Level 2.3 Fighting
 - Level 5.0 Ranged Weapons
 - Level 1.5 Dodging
 - Level 1.5 Stealth


You had 3 spell levels left.
You didn't know any spells.
Your spell library was empty.

Inventory:

Hand Weapons
 Y - a +0 shortbow (weapon)
Armour
 c - a +0 leather armour (worn)
 f - a +0 pair of gloves
Jewellery
 e - a +5 ring of evasion
 i - a +6 ring of intelligence
Scrolls
 g - 2 scrolls of identify
 h - a scroll of enchant weapon {unknown}
Potions
 a - a potion of berserk rage {unknown}
 b - a potion of curing {unknown}
 d - 2 potions of heal wounds {unknown}

Dungeon Overview and Level Annotations

Branches:
Dungeon (2/15)

Altars:

Annotations:
D:2 Sigmund


Message History

Enter note:
Enter note: You shoot an arrow.
The arrow hits Sigmund.
Sigmund is lightly wounded.
You shoot an arrow. The arrow hits Sigmund.
Sigmund is lightly wounded.
Sigmund points at you and mumbles some strange words.
The magic dart hits you.
You shoot an arrow.
The arrow hits Sigmund but does no damage.
Sigmund is lightly wounded.
Sigmund points at you and mumbles some strange words.
The magic dart hits you.
Sigmund points at you and mumbles some strange words.
The magic dart hits you.
You shoot an arrow. The arrow hits Sigmund.
Sigmund is moderately wounded.
Sigmund casts a spell at you. The magic dart hits you!
You shoot an arrow. The arrow barely misses Sigmund.
1660 ||| INVOKING Spit Poison.
Aiming: Spit Poison (1% risk of failure)
Press: ? - help, Shift-Dir - straight line, f/p - Sigmund The splash of poison misses Sigmund.
You shoot an arrow. The arrow hits Sigmund.
Sigmund is moderately wounded.
You shoot an arrow. The arrow hits Sigmund.
Sigmund is heavily wounded.
You have got your breath back.
1663 ||| INVOKING Spit Poison.
Aiming: Spit Poison (1% risk of failure)
Press: ? - help, Shift-Dir - straight line, f/p - Sigmund The splash of poison misses Sigmund.
Sigmund closely misses you.
You shoot an arrow. The arrow hits Sigmund.
Sigmund is severely wounded.
Sigmund hits you from afar with a +0 scythe!
You shoot an arrow. The arrow closely misses Sigmund.
Sigmund hits you from afar with a +0 scythe!
You die...

#.#.#.#.#.#.#.#.#.#.#.#.##.......
.###.###.###.###.###.###...######
#.#.#.#.#.#.#.#.#.#.#.#.#..###
.#%#.#.#.#.#.#.#.#.#.#.#...#..
##########################.#.# #
#.#.# # ############.#.# .
####.#..............# #
.....:.@......##.####
####...####.#.##.# #..@ #.#.##.#
..... #.#.##.# .......
#.......###### .###.#.
#.......#..... ..#.
#.......#.#### ##.#. ##......#.#
.....#.#


You could see Sigmund.

Vanquished Creatures
  Jessica (D:2)
  2 adders (D:2)
  4 endoplasms
  A giant cockroach (D:1)
  A goblin (D:1)
  2 hobgoblins
  2 jackals (D:1)
  A quokka (D:2)
  9 ball pythons
  3 bats
  A frilled lizard (D:2)
  4 kobolds
  A rat (D:1)
32 creatures vanquished.

Notes
Turn   | Place    | Note
-------+----------+-------------------------------------------
     0 | D:1      | qw the Naga Hunter began the quest for the Orb.
     0 | D:1      | Reached XP level 1. HP: 19/19 MP: 1/1
     0 | D:1      | 0 ||| qw: Version: 0.2-a-123-gb51047a
     0 | D:1      | 0 ||| qw: Game counter: 3686
     0 | D:1      | 0 ||| qw: Always use a shield: true
     0 | D:1      | 0 ||| qw: God list: Okawaru
     0 | D:1      | 0 ||| qw: Allow faded altars: false
     0 | D:1      | 0 ||| qw: Do Orc after D:15 true
     0 | D:1      | 0 ||| qw: Do second Lair branch before Depths: true
     0 | D:1      | 0 ||| qw: Lair rune preference: random
     0 | D:1      | 0 ||| qw: Plans: Normal
     0 | D:1      | 0 ||| PLANNING D:1-11
    35 | D:1      | 35 ||| INVOKING Spit Poison.
    56 | D:1      | 56 ||| DROPPING scroll of butterflies.
    64 | D:1      | 64 ||| INVOKING Spit Poison.
    69 | D:1      | 69 ||| INVOKING Spit Poison.
   102 | D:1      | 102 ||| INVOKING Spit Poison.
   146 | D:1      | 146 ||| INVOKING Spit Poison.
   292 | D:1      | 292 ||| INVOKING Spit Poison.
   294 | D:1      | Reached skill level 4 in Ranged Weapons
   294 | D:1      | Reached XP level 2. HP: 26/26 MP: 2/2
   685 | D:1      | 685 ||| INVOKING Spit Poison.
   691 | D:1      | 691 ||| INVOKING Spit Poison.
   809 | D:1      | 809 ||| INVOKING Spit Poison.
   810 | D:1      | 810 ||| INVOKING Spit Poison.
   813 | D:1      | 813 ||| INVOKING Spit Poison.
  1062 | D:1      | 1062 ||| READING scroll labelled DATAXEAJIY.
  1063 | D:1      | 1063 ||| DRINKING 2 fuming emerald potions.
  1107 | D:1      | 1107 ||| DROPPING potion of lignification.
  1165 | D:2      | Found the +7 staff of the Meek {protect, meekguard}
  1178 | D:2      | 1178 ||| INVOKING Spit Poison.
  1198 | D:2      | 1198 ||| INVOKING Spit Poison.
  1213 | D:2      | 1213 ||| INVOKING Spit Poison.
  1228 | D:2      | 1228 ||| INVOKING Spit Poison.
  1271 | D:2      | Found a faded altar of an unknown god.
  1341 | D:2      | 1341 ||| INVOKING Spit Poison.
  1343 | D:2      | Reached XP level 3. HP: 32/32 MP: 3/3
  1346 | D:2      | 1346 ||| INVOKING Spit Poison.
  1352 | D:2      | 1352 ||| INVOKING Spit Poison.
  1367 | D:2      | 1367 ||| INVOKING Spit Poison.
  1512 | D:2      | Noticed Jessica
  1513 | D:2      | 1513 ||| INVOKING Spit Poison.
  1518 | D:2      | 1518 ||| INVOKING Spit Poison.
  1518 | D:2      | Killed Jessica
  1519 | D:2      | Reached skill level 5 in Ranged Weapons
  1519 | D:2      | Reached XP level 4. HP: 34/39 MP: 4/4
  1584 | D:2      | 1584 ||| INVOKING Spit Poison.
  1588 | D:2      | 1588 ||| INVOKING Spit Poison.
  1592 | D:2      | 1592 ||| INVOKING Spit Poison.
  1636 | D:2      | 1636 ||| INVOKING Spit Poison.
  1641 | D:2      | 1641 ||| INVOKING Spit Poison.
  1654 | D:2      | Noticed Sigmund
  1660 | D:2      | 1660 ||| INVOKING Spit Poison.
  1663 | D:2      | 1663 ||| INVOKING Spit Poison.
  1664 | D:2      | HP: 7/40 [Sigmund/+0 scythe (12)]
  1665 | D:2      | Slain by Sigmund

Levels and vault maps discovered:
D:1:      ldierk_walled_garden, layout_loops_ring, serial_co_window_serial,
          co_window_of_opportunity_a, co_window_paths_b, co_window_paths_a,
          co_window_of_opportunity_a, co_window_of_opportunity_a,
          co_window_2corner, co_window_unsneaky_path_d,
          co_window_of_opportunity_c, co_window_broadway_c, co_window_corner_b,
          co_window_4corner_b, co_window_4corner_a, glass_columns_c,
          glass_columns_b, glass_columns_a, glass_columns_b, glass_columns_a
D:2:      layout_loops_ring, serial_glass, glass_columns_a, glass_columns_c,
          feat_on_display, feat_on_display, basic_ecumenical_altar,
          roderic_roman_lattice, minmay_pentomino_w4, uniq_jessica, uniq_sigmund

Skill      XL: |  1  2  3 |
---------------+----------+-----
Ranged Weapons | 4 5 |  5.0
Fighting       | |  2.3
Dodging        | |  1.5
Stealth        | |  1.5

Action                     |  1- 3 |  4- 6 || total
---------------------------+-------+-------++-------
   Fire: Shortbow          |    40 |    14 ||    54
Ability: Spit Poison       |    20 |     7 ||    27
    Use: Scroll            |     1 |       ||     1
         Potion            |     1 |       ||     1
 Armour: Leather armour    |     8 |     2 ||    10
  Dodge: Dodged            |    13 |     3 ||    16

Table legend:
 A = Non-vault XP
 B = Vault XP
 C = Vault XP percentage of total XP
 D = Non-vault monster count
 E = Vault monster count
 F = Vault count percentage of total count
                 A         B        C        D         E       F
            +---------+---------+-------+---------+---------+-------
      Total |      54 |      57 |  51.4 |      26 |       6 |  18.8
            +---------+---------+-------+---------+---------+-------
        D:1 |      19 |       0 |   0.0 |      12 |       0 |   0.0
        D:2 |      35 |      57 |  62.0 |      14 |       6 |  30.0
            +---------+---------+-------+---------+---------+-------
